 Dungeon Crawl Stone Soup version 0.30-a0-578-gdee14c521f (webtiles) character file.

Game seed: 4615193099738457851

24448 wormed the Unseen (level 12, -2/65 HPs)
             Began as a Spriggan Hunter on Jan 1, 2023.
             Was the Champion of Okawaru.
             Killed from afar by an oklob plant (37 damage)
             ... with a splash of acid
             ... on level 2 of the Lair of Beasts.
             The game lasted 00:22:50 (15350 turns).

wormed the Unseen (Spriggan Hunter)                Turns: 15350, Time: 00:22:50

Health: -2/65      AC:  5    Str: 13    XL:     12   Next: 80%
Magic:  13/13      EV: 36    Int: 11    God:    Okawaru [******]
Gold:   1273       SH:  0    Dex: 27    Spells: 11/11 levels left

rFire   + . .      SeeInvis +    S - +1 shortbow (freeze)
rCold   . . .      Faith    .    (shield currently unavailable)
rNeg    . . .      Spirit   .    M - +0 troll leather armour
rPois   .          Reflect  .    (helmet restricted)
rElec   .          Harm     .    P - +0 cloak "Rimun Wodd" {rF+ Will+ Dex+4 Slay+2}
rCorr   .          Rampage  .    (gloves unavailable)
Will    +++..                    (boots unavailable)
Stlth   ++++++                   (no amulet)
HPRegen 1.10/turn                D - +5 ring of evasion
MPRegen 0.13/turn                G - +6 ring of strength

@: very quick
A: very small, no large weapons, unfitting armour, see invisible, speed 3
a: Renounce Religion, Heroism, Finesse, Duel


You were on level 2 of the Lair of Beasts.
You worshipped Okawaru.
Okawaru was exalted by your worship.
You visited 3 branches of the dungeon, and saw 15 of its levels.

You collected 1550 gold pieces.
You spent 277 gold pieces at shops.

Inventory:

Hand Weapons
 S - a +1 shortbow of freezing (weapon)
Armour
 o - the +3 buckler of a sewer {Regen+ Str-2 Dex+8}
   (You found it on level 2 of the Dungeon)

   Str:       It affects your strength (-2).
   Dex:       It affects your dexterity (+8).
   Regen:     It increases your rate of health regeneration.
 M - a +0 troll leather armour (worn)
 P - the +0 cloak "Rimun Wodd" (worn) {rF+ Will+ Dex+4 Slay+2}
   (Okawaru gifted it to you on level 1 of the Lair of Beasts)

   Dex:       It affects your dexterity (+4).
   Slay:      It affects your accuracy & damage with ranged weapons and melee
   (+2).
   rF:        It protects you from fire.
   Will:      It increases your willpower.
Jewellery
 b - a ring of flight
 c - a +6 ring of strength
 D - a +5 ring of evasion (left hand)
 G - a +6 ring of strength (right hand)
 R - a +6 ring of intelligence
Wands
 u - a wand of flame (42)
 x - a wand of digging (4)
 I - a wand of polymorph (5)
 K - a wand of paralysis (10)
 O - a wand of roots (5)
Scrolls
 a - a scroll of brand weapon {unknown}
 e - a scroll of enchant weapon
 i - 4 scrolls of poison {unknown}
 j - 3 scrolls of summoning {unknown}
 k - 4 scrolls of amnesia {unknown}
 l - 6 scrolls of vulnerability {unknown}
 n - 3 scrolls of torment {unknown}
 p - 4 scrolls of magic mapping
 q - 5 scrolls of teleportation
 s - 2 scrolls of fear {unknown}
 v - 4 scrolls of fog
 w - 3 scrolls of noise {unknown}
 y - 4 scrolls of blinking {unknown}
 L - a scroll of silence {unknown}
 N - a scroll of enchant armour {unknown}
Potions
 d - 5 potions of curing
 f - a potion of might
 h - 2 potions of mutation
 m - 3 potions of haste
 r - 2 potions of resistance
 t - a potion of magic
 z - 3 potions of heal wounds
 A - 5 potions of degeneration
 B - 2 potions of flight
 C - 2 potions of attraction
 E - 2 potions of berserk rage
 F - 3 potions of brilliance {unknown}
 H - 3 potions of lignification {unknown}
 J - 2 potions of invisibility {unknown}
 Q - a potion of cancellation {unknown}


   Skills:
 + Level 8.5 Fighting
 * Level 14.3 Ranged Weapons
 + Level 13.0 Dodging
 + Level 15.0 Stealth


You had 11 spell levels left.
You didn't know any spells.
Your spell library contained the following spells:

 Spells                   Type           Power      Damage    Failure   Level
 Sandblast                Erth           0%         2d4       41%         1
 Passwall                 Tmut/Erth      0%         N/A       56%         2
 Dazzling Flash           Conj/Hex       0%         N/A       80%         3
 Frozen Ramparts          Ice            0%         1d1       80%         3
 Ignite Poison            Fire/Tmut/Pois 0%         N/A       80%         3
 Kindle Blastsparks       Fire/Tloc/Air  0%         2d10      80%         3
 Stone Arrow              Conj/Erth      0%         3d7       80%         3
 Ice Form                 Ice/Tmut       0%         N/A       99%         4
 Iskenderun's Mystic Bla  Conj/Tloc      0%         2d3       99%         4
 Leda's Liquefaction      Hex/Erth       0%         N/A       99%         4
 Alistair's Intoxication  Tmut/Pois      0%         N/A       100%        5
 Borgnjor's Vile Clutch   Necr/Erth      0%         N/A       100%        5
 Fireball                 Conj/Fire      0%         3d3       100%        5
 Freezing Cloud           Conj/Ice/Air   0%         6-21      100%        5
 Iskenderun's Battlesphe  Conj           0%         2d6       100%        5
 Conjure Ball Lightning   Conj/Air       0%         3x3d6     100%        6
 Eringya's Noxious Bog    Tmut/Pois      0%         N/A       100%        6
 Starburst                Conj/Fire      0%         6d3       100%        6
 Orb of Destruction       Conj           0%         9d5       100%        7
 Shatter                  Erth           0%         3d5*      100%        9
 Summon Ice Beast         Ice/Summ       Unusable   N/A       N/A         4

Dungeon Overview and Level Annotations

Branches:
Dungeon (12/15)            Temple (1/1) D:7            Lair (2/5) D:10
 Shoals (0/4) Lair:2          Orc (0/2) D:9
  Snake: Lair:2-3    Spider: Lair:2-3

Altars:
Ashenzari
Cheibriados
Dithmenos
Elyvilon
Fedhas
Gozag
Hepliaklqana
Kikubaaqudgha
Makhleb
Nemelex Xobeh
Okawaru
Qazlal
Ru
Sif Muna
Trog
Uskayaw
Vehumet
Wu Jian
Xom
Yredelemnul
Zin
The Shining One

Shops:
D:3 (

Annotations:
Lair:2 exclusion: oklob plant


Innate Abilities, Weirdness & Mutations

You are very small and have problems with some larger weapons.
You are too small for most types of armour.
You have supernaturally acute eyesight. (SInv)
You cover ground extremely quickly. (Speed+++)


Message History

Aim: an oklob plant (98% to hit)
Your line of fire to the oklob plant is blocked by a plant.
Fire: S) +1 shortbow (freeze)
Press: ? - help, Q - select action, (/) - cycle Shift-Dir - straight line, f/p - oklob plant
Aim: an oklob plant (98% to hit)
Your line of fire to the oklob plant is blocked by a plant.
Fire: S) +1 shortbow (freeze)
Press: ? - help, Q - select action, (/) - cycle Shift-Dir - straight line, f/p - oklob plant
Aim: an oklob plant (98% to hit)
Okay, then.
Fire: S) +1 shortbow (freeze)
Press: ? - help, Q - select action, (/) - cycle Shift-Dir - straight line, f/p - oklob plant
Aim: an oklob plant (98% to hit)
You shoot an arrow. The arrow hits the oklob plant!
The arrow freezes the oklob plant.
The oklob plant is moderately damaged.
Fire: S) +1 shortbow (freeze)
Press: ? - help, Q - select action, (/) - cycle Shift-Dir - straight line, f/p - oklob plant
Aim: an oklob plant (moderately damaged, 98% to hit)
You shoot an arrow.
The arrow hits the oklob plant but does no damage.
The oklob plant is moderately damaged.
Fire: S) +1 shortbow (freeze)
Press: ? - help, Q - select action, (/) - cycle Shift-Dir - straight line, f/p - oklob plant
Aim: an oklob plant (moderately damaged, 98% to hit)
You shoot an arrow. The arrow hits the oklob plant.
The arrow freezes the oklob plant.
The oklob plant is moderately damaged.
The oklob plant spits acid at you. The splash of acid hits you!!
Fire: S) +1 shortbow (freeze)
Press: ? - help, Q - select action, (/) - cycle Shift-Dir - straight line, f/p - oklob plant
Aim: an oklob plant (moderately damaged, 98% to hit)
You shoot an arrow. The arrow hits the oklob plant!
The arrow freezes the oklob plant.
The oklob plant is heavily damaged.
The oklob plant spits acid at you. The splash of acid hits you!!!
Ouch! That really hurt!
You die...

.....^...
..........P.P......#
#.......PPP>P.)....#
#......PP[..P......##
.......P"...P.....#.#
.......PPP.PPP....#.#
.........P$P.......#
..........P.......#
................@.#
..................#
................#.#
...###........#####
...P###.....#.##
...##.......P..####
....#.........P...#
....+..P..P.P..P..##
................P..#


You could see an oklob plant.

Vanquished Creatures
  2 two-headed ogres (D:11)
  A boulder beetle (D:11)
  An ugly thing (D:11)
  An oklob plant (Lair:2)
  A cyclops (D:11)
  Joseph (D:7)
  2 black mambas (Lair:2)
  A gargoyle (D:10)
  2 rime drakes
  6 cane toads
  A torpor snail (Lair:1)
  2 komodo dragons (Lair:1)
  2 polar bears
  3 trolls
  A hornet (D:11)
  Grinder (D:4)
  4 blink frogs (Lair:2)
  Prince Ribbit (D:7)
  50 yaks
  A wraith (D:10)
  3 wyverns
  A steam dragon (Lair:2)
  3 basilisks
  4 vampire mosquitoes (D:11)
  2 acid dragons (D:10)
  7 water moccasins
  A floating eye (Lair:2)
  2 ice beasts
  2 orc warriors (D:9)
  3 black bears
  7 ogres
  9 centaurs
  A phantom (D:4)
  3 necrophages
  5 kobold brigands
  7 bullfrogs
  A gnoll sergeant (D:9)
  4 wights (D:9)
  7 killer bees (D:9)
  An electric eel (D:6)
  2 vampire bats (D:11)
  8 howler monkeys
  2 jellies
  5 hounds
  6 orc priests
  2 gnoll boudas (D:8)
  7 iguanas
  4 orc wizards
  12 gnolls
  4 adders
  3 shadow imps
  A white imp (D:7)
  3 ufetubi
  2 worms
  4 dart slugs
  40 orcs
  4 ball pythons
  4 bat skeletons (D:11)
  3 bat zombies (D:11)
  10 endoplasms
  2 giant cockroaches
  3 hobgoblins
  2 jackals (D:1)
  A quokka (D:5)
  4 bats
  A frilled lizard (D:1)
  4 goblins
  22 kobolds
  3 rats
325 creatures vanquished.

Vanquished Creatures (others)
  6 fungi
  11 plants
17 creatures vanquished.

Grand Total: 342 creatures vanquished

Notes
Turn   | Place    | Note
-------+----------+-------------------------------------------
     0 | D:1      | wormed the Spriggan Hunter began the quest for the Orb.
     0 | D:1      | Reached XP level 1. HP: 10/10 MP: 2/2
   169 | D:1      | Reached skill level 2 in Stealth
   208 | D:1      | Reached XP level 2. HP: 15/15 MP: 3/3
   534 | D:1      | Found Ahoil's Assorted Antiques.
   889 | D:2      | Reached XP level 3. HP: 18/18 MP: 4/4
   980 | D:2      | Identified the +3 buckler of a sewer {Regen+ Str-2 Dex+8}
  1686 | D:3      | Found Jirat's Weapon Emporium.
  1692 | D:3      | Identified the +2 chain mail "Wuoraomn" {Int+7 Dex+3}
  1704 | D:3      | Reached skill level 3 in Stealth
  1858 | D:3      | Found a faded altar of an unknown god.
  2040 | D:3      | Reached XP level 4. HP: 23/23 MP: 5/5
  2105 | D:4      | Noticed Grinder
  2237 | D:4      | Paralysed by Grinder for 4 turns
  2256 | D:4      | Paralysed by Grinder for 3 turns
  2259 | D:4      | Killed Grinder
  2260 | D:4      | Reached skill level 5 in Ranged Weapons
  2260 | D:4      | Reached skill level 4 in Stealth
  2260 | D:4      | Reached XP level 5. HP: 27/27 MP: 6/6
  2260 | D:4      | Reached XP level 6. HP: 32/32 MP: 7/7
  2290 | D:4      | Reached skill level 5 in Stealth
  2764 | D:5      | Entered Level 5 of the Dungeon
  3257 | D:4      | Reached skill level 5 in Dodging
  3270 | D:5      | Reached XP level 7. HP: 36/36 MP: 8/8
  3576 | D:5      | Reached skill level 6 in Stealth
  4324 | D:5      | Reached XP level 8. HP: 42/42 MP: 9/9
  4682 | D:1      | Bought a puce potion for 21 gold pieces
  4682 | D:1      | Bought a scroll labelled RUTALEOFUASM for 24 gold pieces
  4682 | D:1      | Bought 2 bubbling sapphire potions for 43 gold pieces
  4682 | D:1      | Bought a ruby potion for 21 gold pieces
  4682 | D:1      | Bought an opal ring for 120 gold pieces
  4881 | D:6      | Reached skill level 7 in Stealth
  5014 | D:6      | Identified the +0 chain mail of the Turtle {rN++ Str+4}
  5440 | D:6      | Found a sacrificial altar of Ru.
  6041 | D:7      | Reached skill level 8 in Stealth
  6054 | D:7      | Noticed Joseph
  6454 | D:7      | Reached XP level 9. HP: 46/46 MP: 10/10
  6846 | D:6      | Identified a scroll of acquirement
  6847 | D:6      | Acquired 860 gold pieces
  7017 | D:1      | Bought 2 scrolls labelled HUOLIO QEIRUT for 48 gold pieces
  7364 | D:7      | Found a staircase to the Ecumenical Temple.
  7373 | Temple   | Entered the Ecumenical Temple
  7581 | D:7      | Noticed Prince Ribbit
  7634 | D:7      | Killed Prince Ribbit
  7635 | D:7      | Reached skill level 5 in Fighting
  7635 | D:7      | Reached skill level 9 in Stealth
  7857 | D:7      | Killed Joseph
  8050 | D:7      | Found an iron altar of Okawaru.
  8389 | D:7      | Became a worshipper of Warmaster Okawaru
  9102 | D:8      | Reached skill level 10 in Stealth
  9126 | D:8      | Reached * piety under Okawaru
  9127 | D:8      | Reached skill level 10 in Ranged Weapons
  9127 | D:8      | Reached XP level 10. HP: 51/51 MP: 11/11
  9858 | D:9      | Reached ** piety under Okawaru
  9977 | D:9      | Reached skill level 11 in Stealth
 10422 | D:9      | Found a staircase to the Orcish Mines.
 10431 | D:9      | Reached *** piety under Okawaru
 10450 | D:9      | Reached skill level 10 in Dodging
 11062 | D:10     | Entered Level 10 of the Dungeon
 11630 | D:10     | Reached XP level 11. HP: 58/58 MP: 12/12
 11643 | D:10     | Found a staircase to the Lair.
 11768 | D:10     | Reached skill level 12 in Stealth
 11816 | D:10     | Reached **** piety under Okawaru
 12552 | D:11     | Noticed a two-headed ogre
 12574 | D:11     | Killed a two-headed ogre
 12574 | D:11     | Reached ***** piety under Okawaru
 12642 | D:11     | Noticed a purple ugly thing
 12651 | D:11     | Killed a purple ugly thing
 12717 | D:11     | Noticed a boulder beetle
 12733 | D:11     | Noticed a two-headed ogre
 12801 | D:11     | Killed a two-headed ogre
 12802 | D:11     | Reached skill level 13 in Stealth
 12947 | D:11     | Found an ancient bone altar of Kikubaaqudgha.
 13212 | D:11     | Killed a boulder beetle
 13352 | D:12     | Noticed a purple ugly thing
 13440 | Lair:1   | Entered Level 1 of the Lair of Beasts
 13451 | Lair:1   | Received a gift from Okawaru
 13469 | Lair:1   | Got the Secrets of Excavation
 13601 | Lair:1   | Reached XP level 12. HP: 47/63 MP: 13/13
 13665 | Lair:1   | Found the +7 Kryia's mail coat {PotionHeal*2 rC+}
 13959 | Lair:1   | Reached skill level 14 in Stealth
 14223 | Lair:1   | Identified the +0 cloak "Rimun Wodd" {rF+ Will+ Dex+4
                  | Slay+2} (Okawaru gifted it to you on level 1 of the Lair of
                  | Beasts)
 14223 | Lair:1   | Received a gift from Okawaru
 14710 | Lair:2   | Reached ****** piety under Okawaru
 15301 | Lair:2   | Found a staircase to the Shoals.
 15320 | Lair:2   | Paralysed by a floating eye for 2 turns
 15326 | Lair:2   | Reached skill level 15 in Stealth
 15350 | Lair:2   | Killed from afar by an oklob plant

Illustrated notes

Levels and vault maps discovered:
D:1:      dpeg_arrival_tiny_e, layout_basic, serial_shops, shop, serial_glass,
          glass_columns_a, glass_columns_c, chequers_mini_garden
D:2:      layout_basic
D:3:      layout_basic, shapermc_ecumenical_altar_notcrosses, serial_shops,
          nicolae_shop_statue_plus, minmay_misc_feat_plants
D:4:      layout_gridville, kennysheep_doodads, eino_curves_02,
          grunt_ministairs_15, uniq_grinder
D:5:      layout_loops_ring, grunt_ministairs_14
D:6:      layout_basic, nicolae_ru_awakened_eye, serial_corexii_hall,
          corexii_hall_statues_l, corexii_hall_statues_x,
          corexii_hall_statues_s, corexii_hall_statues_deadend,
          chequers_hall_statues_wall_a, chequers_hall_statues_wall_a,
          nicolae_lava_and_water, supply_closet_lemuel
D:7:      layout_basic, kennysheep_little_box, minmay_temple_entry_stoned_glass,
          uniq_joseph, uniq_prince_ribbit1
D:8:      layout_layer_cave
D:9:      layout_basic, kennysheep_orc_monster_closet_entryway
D:10:     layout_grid_maze, david_lair_generic
D:11:     layout_loops_ring, kennysheep_vampire_church
D:12:     layout_layer_cave
Temple:   nicolae_temple_slightly_damp_pantheon
Lair:1:   layout_regular_city
Lair:2:   layout_regular_city, minmay_shoals_entry_centaurs, disabler_island

Skill      XL: |  1  2  3  4  5  6  7  8  9 10 11 12 |
---------------+-------------------------------------+-----
Stealth        | 2 3 4 5 6 8 10 11 13 15 | 15.0
Dodging        | 3 4 5 6 7 8 10 11 13 | 13.0
Fighting       | 2 3 4 5 6 7 8 |  8.5
Ranged Weapons | 5 6 7 8 10 11 13 14 | 14.3

Action                   |  1- 3 |  4- 6 |  7- 9 | 10-12 || total
-------------------------+-------+-------+-------+-------++-------
 Fire: Shortbow          |    95 |    97 |   332 |   250 ||   774
       Arbalest          |       |       |    91 |   421 ||   512
  Use: Scroll            |       |       |    10 |     7 ||    17
       Potion            |       |       |       |     2 ||     2
Armor: Robe              |     1 |     5 |     2 |     3 ||    11
       Troll leather arm |       |       |       |     8 ||     8
Dodge: Dodged            |    25 |    29 |   223 |   427 ||   704

Table legend: (Time is in decaauts)
 A = Elapsed time spent in this place.
 B = Non-inter-level travel time spent in this place.
 C = Inter-level travel time spent in this place.
 D = Time resting spent in this place.
 E = Time spent auto-exploring this place.
 F = Levels seen in this place.
 G = Mean time per level.
                   A        B        C        D        E       F      G
               +--------+--------+--------+--------+--------+-----+--------+
         Total |  11176 |  10294 |    882 |      0 |   7560 |  15 |  745.1 |
       Dungeon |   9408 |   8555 |    853 |      0 |   6412 |  12 |  784.0 |
        Temple |    374 |    368 |      6 |      0 |    315 |   1 |  374.0 |
          Lair |   1393 |   1371 |     22 |      0 |    832 |   2 |  696.5 |
               +--------+--------+--------+--------+--------+-----+--------+

Top non-repeatable levels by time:
     D:6: 1221 daAuts
     D:9: 1059 daAuts
    D:10: 1052 daAuts
     D:5: 1046 daAuts
     D:4: 843 daAuts
  Lair:1: 840 daAuts
     D:3: 799 daAuts
     D:7: 794 daAuts
     D:8: 782 daAuts
    D:11: 744 daAuts
     D:1: 652 daAuts
  Lair:2: 553 daAuts
     D:2: 410 daAuts
  Temple: 374 daAuts
    D:12: 1 daAuts
